 Dungeon Crawl Stone Soup version 0.31-a0-230-g09eb5fc4d3 (webtiles) character file.

Game seed: 15921991053573014807

228 qw the Shooter (level 6, -4/37 HPs)
             Began as a Gargoyle Hexslinger on July 6, 2023.
             Slain by a gnoll bouda
             ... wielding a +0 whip
              (9 damage)
             ... on level 4 of the Dungeon.
             The game lasted 00:01:09 (2722 turns).

qw the Shooter (Gargoyle Hexslinger)                Turns: 2722, Time: 00:01:09

Health: -4/37      AC:  9    Str: 11    XL:     6   Next: 2%
Magic:  7/7        EV: 10    Int: 14    God:
Gold:   89         SH:  0    Dex: 20    Spells: 6/7 levels left

rFire   . . .        Y - +1 sling
rCold   + . .        (no shield)
rNeg    + . .        d - +0 ring mail
rPois   inf          (no helmet)
rElec   +            (no cloak)
rCorr   .            (no gloves)
SInv    .            (no boots)
Will    .....        (no amulet)
Stlth   +            e - ring of protection from cold
HPRegen 0.26/turn    a - +6 ring of dexterity
MPRegen 0.10/turn

%: no passive effects
@: no status effects
A: sickness immunity, AC +4, negative energy resistance 1, electricity
resistance, torment resistance 1, petrification resistance
a: no special abilities


You were on level 4 of the Dungeon.
You visited 1 branch of the dungeon, and saw 4 of its levels.

You collected 89 gold pieces.


Innate Abilities, Weirdness & Mutations

You are immune to sickness and miasma.
Your stone body is resilient. (AC +4)
You are immune to poison.
You resist negative energy. (rN+)
You are resistant to electric shocks. (rElec)
You are resistant to unholy torment.
You are immune to petrification.


   Skills:
 - Level 3.0 Fighting
 + Level 5.1 Ranged Weapons
 - Level 1.6 Armour
 - Level 1.5 Dodging
 - Level 1.0 Spellcasting
 - Level 2.6 Hexes


You had 6 spell levels left.
You knew the following spells:

 Your Spells              Type           Power      Damage    Failure   Level
a - Slow                  Hex            32%        N/A       21%         1

Your spell library contained the following spells:

 Spells                   Type           Power      Damage    Failure   Level
 Inner Flame              Hex/Fire       4%         N/A       71%         3
 Portal Projectile        Hex/Tloc       8%         N/A       71%         3
 Cause Fear               Hex            4%         N/A       90%         4

Inventory:

Hand Weapons
 Y - a +1 sling (weapon)
Armour
 d - a +0 ring mail (worn)
Jewellery
 a - a +6 ring of dexterity (right hand)
 e - a ring of protection from cold (left hand)
 l - a ring of fire
Scrolls
 j - 2 scrolls of identify
Potions
 b - a potion of haste {unknown}
 c - a potion of lignification {unknown}
 f - a potion of ambrosia {unknown}
 g - a potion of enlightenment {unknown}
 h - a potion of curing
 i - a potion of heal wounds {unknown}
 k - a potion of berserk rage {unknown}

Dungeon Overview and Level Annotations

Branches:
Dungeon (4/15)
 Temple: D:4-7

Altars:

Shops:
D:1 :

Annotations:
D:3 1 transporter, qw's ghost, amateur GrHs


Message History

A gnoll comes into view. It is wielding a +0 halberd.
The gnoll closely misses you. x2
The gnoll bouda barks out a call to the hunt!
The gnolls pick up the pace!
You shoot a sling bullet. The gnoll shouts!
The sling bullet hits the gnoll!
The gnoll is almost dead.
The gnoll hits you but does no damage.
You shoot a sling bullet. The sling bullet hits the gnoll.
You kill the gnoll!
The gnoll hits you from afar with a +0 halberd. x2
Your Fighting skill increases to level 3!
You have reached level 6!
You shoot a sling bullet.
The sling bullet completely misses the gnoll bouda.
The sling bullet hits the gnoll.
The gnoll is moderately wounded.
The gnoll bouda calls upon its god to heal the gnoll.
The gnoll's wounds heal themselves!
The gnoll completely misses you.
The gnoll hits you from afar with a +0 halberd.
You shoot a sling bullet.
The sling bullet barely misses the gnoll bouda.
The sling bullet hits the gnoll.
The gnoll is heavily wounded.
The gnoll barely misses you.
The gnoll hits you from afar with a +0 halberd.
The gnoll bouda hits you with a +0 whip.
The gnoll hits you from afar with a +0 halberd.
You shoot a sling bullet. The sling bullet hits the gnoll bouda.
The gnoll bouda is lightly wounded.
The gnoll misses you.
The gnoll bouda hits you with a +0 whip.
The gnoll hits you from afar with a +0 halberd.
The gnoll closely misses you.
You shoot a sling bullet. The sling bullet hits the gnoll bouda.
The gnoll bouda is moderately wounded.
The gnoll hits you but does no damage.
The gnoll bouda hits you with a +0 whip!
You die...

#.# #.............#
#.#####.###.#.##.....
#................#..#
#######.#.........#
#.#.###.###.#
#.#.###.###.#.#
#............#
###.#.#.#####.#
#..g@.# ###g### #gg.
#...# #>..# #...#
....: ...gg


You could see a gnoll bouda and 3 gnolls.

Vanquished Creatures
  A hound (D:4)
  A jelly (D:3)
  An iguana (D:3)
  A sleepcap (D:4)
  2 gnolls (D:4)
  2 adders
  An ufetubus (D:4)
  5 dart slugs
  4 orcs
  2 ball pythons
  5 bats
  4 endoplasms
  4 giant cockroaches
  3 goblins
  5 hobgoblins
  4 jackals (D:2)
  6 kobolds
  2 quokkas
  4 frilled lizards
  9 rats
66 creatures vanquished.

Notes
Turn   | Place    | Note
-------+----------+-------------------------------------------
     0 | D:1      | qw the Gargoyle Hexslinger began the quest for the Orb.
     0 | D:1      | Reached XP level 1. HP: 12/12 MP: 2/2
     0 | D:1      | 0 ||| qw: Version: 0.3-a-46-gb1f654a
     0 | D:1      | 0 ||| qw: Game counter: 1778
     0 | D:1      | 0 ||| qw: Melee chars always use a shield: true
     0 | D:1      | 0 ||| qw: God list: Okawaru
     0 | D:1      | 0 ||| qw: Allow faded altars: false
     0 | D:1      | 0 ||| qw: Do Orc after clearing Dungeon:15 true
     0 | D:1      | 0 ||| qw: Do second Lair branch before Depths: true
     0 | D:1      | 0 ||| qw: Lair rune preference: random
     0 | D:1      | 0 ||| qw: Goals: Normal
     0 | D:1      | 0 ||| PLANNING D:1-11
   121 | D:1      | 121 ||| FLEEEEING.
   122 | D:1      | 122 ||| FLEEEEING.
   262 | D:1      | 262 ||| FLEEEEING.
   263 | D:1      | 263 ||| FLEEEEING.
   264 | D:1      | 264 ||| FLEEEEING.
   265 | D:1      | 265 ||| FLEEEEING.
   281 | D:1      | Reached XP level 2. HP: 16/16 MP: 3/3
   317 | D:1      | Found Serutzun's Vocational Training.
   459 | D:1      | Reached skill level 3 in Ranged Weapons
  1066 | D:1      | Reached XP level 3. HP: 21/21 MP: 4/4
  1080 | D:1      | 1080 ||| UPGRADING to ring of protection from cold.
  1081 | D:1      | 1081 ||| READING scroll labelled VOAZUI NOTOZAH.
  1082 | D:1      | 1082 ||| READING scroll labelled LAB LELAMEJAPN.
  1083 | D:1      | 1083 ||| DRINKING 2 silvery potions.
  1084 | D:1      | 1084 ||| DROPPING scroll of poison.
  1223 | D:2      | You fall into a shaft and drop 1 floor!
  1249 | D:3      | Found a transporter.
  1252 | D:3      | Noticed qw's ghost (amateur GrHs)
  1295 | D:3      | 1295 ||| UPGRADING to +0 ring mail.
  1305 | D:3      | 1305 ||| DROPPING +0 robe.
  1306 | D:3      | 1306 ||| READING scroll labelled ERYSERR BENN.
  1307 | D:3      | 1307 ||| READING scroll labelled TUSOISYMAO.
  1818 | D:2      | Reached XP level 4. HP: 26/26 MP: 5/5
  1946 | D:2      | 1946 ||| UPGRADING to +6 ring of dexterity.
  1988 | D:3      | 1988 ||| STAIRDANCE
  1993 | D:2      | Reached skill level 4 in Ranged Weapons
  2083 | D:3      | Reached skill level 1 in Armour
  2389 | D:3      | Reached XP level 5. HP: 30/30 MP: 6/6
  2448 | D:3      | 2448 ||| FLEEEEING.
  2449 | D:3      | 2449 ||| FLEEEEING.
  2564 | D:3      | 2564 ||| DROPPING +1 robe of positive energy.
  2661 | D:4      | Reached skill level 5 in Ranged Weapons
  2710 | D:4      | 2710 ||| Stepping ~*~*~tactically~*~*~ (outnumbered).
  2719 | D:4      | Reached skill level 3 in Fighting
  2719 | D:4      | Reached XP level 6. HP: 20/37 MP: 7/7
  2721 | D:4      | HP: 5/37 [gnoll/+0 halberd[a gnoll bouda] (6)]
  2722 | D:4      | Slain by a gnoll bouda

Levels and vault maps discovered:
D:1:      co_arrival_random_square_maze, layout_loops_corners,
          serial_bayou_pond_c, nicolae_shop_vocational
D:2:      layout_basic, minmay_misc_feat_chi
D:3:      layout_loops_cross, gammafunk_ghost_mausoleum,
          chequers_serial_rivers_micro_d
D:4:      layout_loops_cross, minmay_crystal_room

Skill      XL: |  1  2  3  4  5 |
---------------+----------------+-----
Ranged Weapons | 3 4 5 |  5.1
Fighting       | 2 3 |  3.0
Armour         | 1 |  1.6
Dodging        | |  1.5
Spellcasting   | |  1.0
Hexes          | |  2.6

Action                     |  1- 3 |  4- 6 || total
---------------------------+-------+-------++-------
   Fire: Sling             |   152 |   114 ||   266
    Use: Scroll            |     4 |       ||     4
         Potion            |     1 |       ||     1
 Armour: Robe              |     9 |       ||     9
         Ring mail         |    14 |    38 ||    52
  Dodge: Dodged            |    45 |    41 ||    86

Table legend:
 A = Non-vault XP
 B = Vault XP
 C = Vault XP percentage of total XP
 D = Non-vault monster count
 E = Vault monster count
 F = Vault count percentage of total count
                 A         B        C        D         E       F
            +---------+---------+-------+---------+---------+-------
      Total |     326 |       0 |   0.0 |      66 |       0 |   0.0
            +---------+---------+-------+---------+---------+-------
        D:1 |      35 |       0 |   0.0 |      18 |       0 |   0.0
        D:2 |      46 |       0 |   0.0 |      20 |       0 |   0.0
        D:3 |     127 |       0 |   0.0 |      21 |       0 |   0.0
        D:4 |     118 |       0 |   0.0 |       7 |       0 |   0.0
            +---------+---------+-------+---------+---------+-------
